 Dungeon Crawl Stone Soup version 0.26-a0-52-gd53d4cd (webtiles) character file.

Game seed: 13765879942629827712

15756 thirtiethelement the Fighter (level 12, -12/97 HPs)
             Began as a Gnoll Abyssal Knight on June 6, 2020.
             Was a Priest of Lugonu.
             Mangled by a yak (14 damage)
             ... on level 1 of the Lair of Beasts.
             The game lasted 00:29:41 (16804 turns).

thirtiethelement the Fighter (GnAK)                Turns: 16804, Time: 00:29:42

Health: -12/97     AC: 18    Str: 19    XL:     12   Next: 30%
Magic:  22/22      EV: 15    Int: 16    God:    Lugonu [***...]
Gold:   1022       SH:  0    Dex: 14    Spells: 25/25 levels left

rFire    + . .     SeeInvis +   A - +5 mace "Izohos" {vorpal, +Blink}
rCold    . . .     Gourm    .   (no shield)
rNeg     . . .     Faith    .   o - +0 ring mail {rF+}
rPois    .         Spirit   .   (no helmet)
rElec    .         Reflect  .   z - +1 cloak {MR+}
rCorr    .         Harm     .   Q - +1 pair of gloves {archery}
MR       +....                  u - +1 pair of boots
Stlth    +++.......             v - amulet of regeneration
HPRegen  0.66/turn              f - +4 ring of protection
MPRegen  0.18/turn              m - ring of see invisible

@: no status effects
A: distributed training, fangs 1, strong nose
a: Depart the Abyss, Bend Space, Banish, Renounce Religion, Evoke Blink


You were on level 1 of the Lair of Beasts.
You worshipped Lugonu.
Lugonu was most pleased with you.
You were not hungry.

You visited 2 branches of the dungeon, and saw 13 of its levels.
You visited the Abyss 1 time.
You also visited: Sewer.

You collected 1022 gold pieces.

Inventory:

Hand Weapons
 a - a +2 falchion
 A - the +5 mace "Izohos" (weapon) {vorpal, +Blink}
   (You found it on level 6 of the Dungeon)

   It inflicts extra damage upon your enemies.
   It lets you blink.
Missiles
 B - 4 boomerangs (quivered)
Armour
 o - a +0 ring mail of fire resistance (worn)
 s - a +0 pair of boots
 u - a +1 pair of boots (worn)
 z - a +1 cloak of magic resistance (worn)
 L - a +2 pair of gloves
 Q - a +1 pair of gloves of archery (worn)
Jewellery
 e - an uncursed amulet of reflection
 f - a +4 ring of protection (left hand)
 i - an uncursed amulet of the acrobat
 m - a ring of see invisible (right hand)
 n - an uncursed ring of wizardry
 t - a +4 ring of evasion
 v - an amulet of regeneration (around neck)
 y - an uncursed amulet of magic regeneration
 E - an uncursed amulet of faith
 K - a +6 ring of intelligence
 R - an uncursed ring of resist corrosion
Wands
 h - a wand of acid (5)
 k - a wand of random effects (4)
 x - a wand of flame (20)
 J - a wand of digging (6)
Scrolls
 b - 2 scrolls of teleportation
 g - 4 scrolls of magic mapping
 F - 2 scrolls of enchant weapon
 I - 4 scrolls of fog
 N - a scroll of silence
 P - 2 scrolls of remove curse
Potions
 d - 4 potions of ambrosia
 j - 2 potions of brilliance
 l - 2 potions of resistance
 p - 2 potions of cancellation
 q - 5 potions of flight
 r - a potion of might
 w - a potion of invisibility
 D - a potion of heal wounds {unknown}
 H - a potion of mutation {unknown}
 M - a potion of berserk rage {unknown}
Comestibles
 c - 22 rations


   Skills:
 + Level 9.6 Fighting
 + Level 7.0 Short Blades
 + Level 8.5 Long Blades
 + Level 7.0 Axes
 + Level 7.0 Maces & Flails
 + Level 7.0 Polearms
 + Level 7.0 Staves
 + Level 7.0 Slings
 + Level 7.0 Bows
 + Level 7.0 Crossbows
 + Level 7.0 Throwing
 + Level 8.5 Armour
 + Level 7.5 Dodging
 + Level 7.0 Stealth
 + Level 7.0 Shields
 + Level 7.0 Unarmed Combat
 + Level 7.0 Spellcasting
 + Level 5.8 Conjurations
 + Level 5.8 Hexes
 + Level 5.8 Charms
 + Level 5.8 Summonings
 + Level 5.8 Necromancy
 + Level 5.8 Translocations
 + Level 5.8 Transmutations
 + Level 5.8 Fire Magic
 + Level 5.8 Ice Magic
 + Level 5.8 Air Magic
 + Level 5.8 Earth Magic
 + Level 5.8 Poison Magic
 + Level 9.0 Invocations
 + Level 7.0 Evocations


You had 25 spell levels left.
You didn't know any spells.
Your spell library contained the following spells:

 Spells                   Type           Power        Failure   Level  Hunger
 Foxfire                  Conj/Fire      ###.         1%          1    None
 Magic Dart               Conj           ###.         1%          1    None
 Summon Butterflies       Summ           ###.....     1%          1    None
 Blink                    Tloc           N/A          2%          2    None
 Call Imp                 Summ           ###.....     2%          2    None
 Slow                     Hex            ###.....     2%          2    None
 Call Canine Familiar     Summ           ###.....     5%          3    ##.....
 Confusing Touch          Hex            ###.....     5%          3    ##.....
 Conjure Flame            Conj/Fire      ###.....     5%          3    ##.....
 Gell's Gravitas          Tloc           ###.......   5%          3    ##.....
 Inner Flame              Hex/Fire       ###.....     5%          3    ##.....
 Mephitic Cloud           Conj/Pois/Air  ###.....     5%          3    ##.....
 Petrify                  Tmut/Erth      ###.....     17%         4    ####...
 Sticky Flame             Conj/Fire      ###.....     17%         4    ####...
 Summon Ice Beast         Ice/Summ       ###.....     17%         4    ####...
 Fireball                 Conj/Fire      ###.......   43%         5    #####..
 Metabolic Englaciation   Hex/Ice        ###.......   43%         5    #####..
 Summon Mana Viper        Hex/Summ       ###.....     43%         5    #####..
 Yara's Violent Unravell  Hex/Tmut       ###.......   43%         5    #####..
 Summon Hydra             Summ           ###.......   100%        7    #######


Dungeon Overview and Level Annotations

Branches:
Dungeon (12/15)            Temple (0/1) D:5            Lair (1/6) D:9
  Sewer (visited)
    Orc: D:9-12

Altars:
Dithmenos
Elyvilon
Hepliaklqana
Ru
Sif Muna
Trog
Vehumet
Xom
Yredelemnul
Zin
The Shining One


Innate Abilities, Weirdness & Mutations

Your experience applies equally to all skills.
You have very sharp teeth.
Your uncanny sense of smell can sniff out nearby items.


Message History

The yak is almost dead.
The yak completely misses you.
You hit the yak.
You kill the yak!
Lugonu accepts your kill.
You sock the yak!
The yak is heavily wounded.
The yak gores you!
* * * LOW HITPOINT WARNING * * *
The yak gores you.
* * * LOW HITPOINT WARNING * * *
Evoke which item? (* to show all) (? for menu, Esc to quit)
Aiming: Corrosive Bolt
Press: ? - help, Shift-Dir - straight line, f - yak
Aim: a yak (heavily wounded)
The bolt of acid hits the yak!!
The yak is splashed with acid.
The acid corrodes the yak!
The yak is almost dead.
The yak gores you!
You die...

...........#.......P.##...≈###...
...........##..#.#.#.###..≈###...
.........#...#.#.....# ##.≈≈###..
.+#######..#.#.#.....# #..≈#####
#.# ##.#.>.!.....# #..≈≈## #.###
####P####+.## #...≈≈# #...##
####....# ###..≈# ###Y.## ###
#Y#.## ##..≈### ##Y.## ##.###@#.#
#####÷.P≈≈## P####t.####........#
#≈P.÷..P≈≈## .........##........#
#≈≈<÷..≈≈### ........###........#
#≈≈≈≈≈≈≈###. ...................#
##≈≈≈≈≈###.. ..........#........#
########...
........#.+........... ###.....
.........##........+..# #.......
###########........###. #.......


You could see a yak (corroded).

Vanquished Creatures
  An ice dragon (D:11)
  2 hydras
  4 two-headed ogres
  Pikel (D:5)
  A cyclops (D:11)
  A gargoyle (D:11)
  A spiny frog (Lair:1)
  A komodo dragon (Lair:1)
  2 trolls (D:11)
  2 hornets
  Prince Ribbit (D:7)
  4 hippogriffs
  A wyvern (shapeshifter) (D:11)
  5 yaks (Lair:1)
  A spriggan (D:8)
  Eustachio (D:6)
  3 wyverns
  2 basilisks (Lair:1)
  A vampire mosquito (D:11)
  A water moccasin (D:9)
  4 orc warriors
  A slave (D:5)
  An eye of draining (D:10)
  5 ice beasts
  A necrophage (D:8)
  2 sky beasts
  3 centaurs
  5 ogres
  5 phantoms
  3 crocodiles
  3 big kobolds
  Blork the orc (D:6)
  11 bullfrogs
  A wyvern zombie (D:9)
  A gnoll sergeant (D:11)
  A wyvern skeleton (D:10)
  2 scorpions
  A killer bee (D:11)
  8 howler monkeys
  A bullfrog zombie (D:9)
  5 crimson imps
  A centaur zombie (D:8)
  4 jellies
  Crazy Yiuf (D:6)
  4 orc priests
  4 hounds
  A bullfrog skeleton (D:7)
  2 centaur skeletons
  2 iguanas
  12 orc wizards
  8 worker ants
  A killer bee zombie (D:7)
  A hound skeleton (D:4)
  4 gnolls (D:11)
  A howler monkey skeleton (D:11)
  8 adders
  3 shadow imps
  An ufetubus (Abyss:1)
  An adder skeleton (D:4)
  3 worms
  3 dart slugs
  5 leopard geckos
  41 orcs
  2 ball pythons (D:3)
  6 giant cockroaches
  16 goblins
  11 hobgoblins
  11 jackals
  4 quokkas
  4 bats
  3 frilled lizards
  A giant cockroach zombie (D:2)
  A jackal skeleton (D:4)
  23 kobolds
  A leopard gecko skeleton (D:4)
  5 rats
300 creatures vanquished.

Vanquished Creatures (others)
  2 slaves (D:5)
  A scorpion (D:5)
  A worm (D:5)
4 creatures vanquished.

Grand Total: 304 creatures vanquished

Notes
Turn   | Place    | Note
-------+----------+-------------------------------------------
     0 | Abyss:1  | thirtiethelement the Gnoll Abyssal Knight began the quest
                  | for the Orb.
     0 | Abyss:1  | Reached XP level 1. HP: 23/23 MP: 3/3
    58 | Abyss:1  | Noticed a raiju
    63 | Abyss:1  | Noticed a spatial vortex
    63 | Abyss:1  | Noticed a spatial vortex
    63 | Abyss:1  | Noticed a spatial vortex
    66 | Abyss:1  | Noticed a spatial vortex
    69 | Abyss:1  | Noticed a spatial vortex
    69 | Abyss:1  | Noticed a spatial vortex
    70 | Abyss:1  | Noticed a spatial vortex
    81 | D:1      | Escaped the Abyss
   383 | D:1      | Reached XP level 2. HP: 27/29 MP: 5/5
   538 | D:1      | You fall into a shaft and drop 1 floor!
   670 | D:2      | Reached * piety under Lugonu
   685 | D:2      | Reached XP level 3. HP: 23/35 MP: 6/6
  1047 | D:2      | Noticed a scorpion
  1059 | D:2      | Killed a scorpion
  1059 | D:2      | Reached skill level 1 in Short Blades
  1059 | D:2      | Reached skill level 1 in Axes
  1059 | D:2      | Reached skill level 1 in Maces & Flails
  1059 | D:2      | Reached skill level 1 in Polearms
  1059 | D:2      | Reached skill level 1 in Staves
  1059 | D:2      | Reached skill level 1 in Slings
  1059 | D:2      | Reached skill level 1 in Bows
  1059 | D:2      | Reached skill level 1 in Crossbows
  1059 | D:2      | Reached skill level 1 in Throwing
  1059 | D:2      | Reached skill level 1 in Stealth
  1059 | D:2      | Reached skill level 1 in Shields
  1059 | D:2      | Reached skill level 1 in Unarmed Combat
  1059 | D:2      | Reached skill level 1 in Spellcasting
  1059 | D:2      | Reached skill level 1 in Evocations
  1059 | D:2      | Reached XP level 4. HP: 7/41 MP: 7/7
  1471 | D:2      | Reached skill level 1 in Conjurations
  1471 | D:2      | Reached skill level 1 in Hexes
  1471 | D:2      | Reached skill level 1 in Charms
  1471 | D:2      | Reached skill level 1 in Summonings
  1471 | D:2      | Reached skill level 1 in Necromancy
  1471 | D:2      | Reached skill level 1 in Translocations
  1471 | D:2      | Reached skill level 1 in Transmutations
  1471 | D:2      | Reached skill level 1 in Fire Magic
  1471 | D:2      | Reached skill level 1 in Ice Magic
  1471 | D:2      | Reached skill level 1 in Air Magic
  1471 | D:2      | Reached skill level 1 in Earth Magic
  1471 | D:2      | Reached skill level 1 in Poison Magic
  1812 | D:3      | Found a faded altar of an unknown god.
  1827 | D:3      | Reached XP level 5. HP: 31/47 MP: 8/8
  1954 | D:3      | Reached ** piety under Lugonu
  2395 | D:3      | Found a white marble altar of Elyvilon.
  2396 | D:3      | Found a shimmering altar of Xom.
  2398 | D:3      | Found a radiant altar of Vehumet.
  3463 | D:4      | Reached skill level 5 in Invocations
  3463 | D:4      | Reached XP level 6. HP: 24/53 MP: 9/9
  4086 | D:4      | Found a hazy altar of Hepliaklqana.
  4350 | D:4      | Reached skill level 5 in Long Blades
  4350 | D:4      | Reached skill level 5 in Armour
  4634 | D:4      | Reached *** piety under Lugonu
  4721 | D:4      | Found a shadowy altar of Dithmenos.
  4871 | D:4      | Noticed a phantom
  4890 | D:4      | Killed a phantom
  5114 | D:4      | Reached XP level 7. HP: 59/59 MP: 10/10
  5134 | D:5      | Entered Level 5 of the Dungeon
  5134 | D:5      | Found a staircase to the Ecumenical Temple.
  5163 | D:5      | Noticed Pikel
  5342 | D:5      | Found a shadowy altar of Dithmenos.
  5368 | D:5      | Noticed a hornet
  5530 | D:5      | Found a glowing drain.
  5540 | Sewer    | Entered a sewer
  5853 | D:4      | Killed a hornet
  5853 | D:4      | Reached XP level 8. HP: 19/67 MP: 12/12
  6139 | D:5      | HP: 2/67 [Pikel/+0 whip of electrocution (10)]
  6141 | D:5      | Killed Pikel
  6898 | D:6      | Noticed Blork the orc
  6902 | D:6      | Reached XP level 9. HP: 68/72 MP: 14/14
  6910 | D:6      | Killed Blork the orc
  7046 | D:6      | Found a bloodstained altar of Trog.
  7246 | D:6      | HP: 1/73 [orc warrior/+0 long sword (9)]
  8051 | D:6      | Noticed Eustachio
  8069 | D:6      | Killed Eustachio
  8069 | D:6      | Reached skill level 5 in Dodging
  8155 | D:6      | Found a runed translucent door.
  8156 | D:6      | Noticed Crazy Yiuf
  8167 | D:6      | Killed Crazy Yiuf
  8178 | D:6      | Got a dazzling mace
  8179 | D:6      | Identified the +5 mace "Izohos" {vorpal, +Blink} (You found
                  | it on level 6 of the Dungeon)
  8377 | D:7      | Noticed Prince Ribbit
  8458 | D:7      | Killed Prince Ribbit
  8644 | D:7      | Reached **** piety under Lugonu
  9118 | D:7      | Reached XP level 10. HP: 80/80 MP: 17/17
  9925 | D:8      | Reached skill level 5 in Short Blades
  9925 | D:8      | Reached skill level 5 in Axes
  9925 | D:8      | Reached skill level 5 in Maces & Flails
  9925 | D:8      | Reached skill level 5 in Polearms
  9925 | D:8      | Reached skill level 5 in Staves
  9925 | D:8      | Reached skill level 5 in Slings
  9925 | D:8      | Reached skill level 5 in Bows
  9925 | D:8      | Reached skill level 5 in Crossbows
  9925 | D:8      | Reached skill level 5 in Throwing
  9925 | D:8      | Reached skill level 5 in Stealth
  9925 | D:8      | Reached skill level 5 in Shields
  9925 | D:8      | Reached skill level 5 in Unarmed Combat
  9925 | D:8      | Reached skill level 5 in Spellcasting
  9925 | D:8      | Reached skill level 5 in Evocations
 10185 | D:8      | Noticed a two-headed ogre
 10193 | D:8      | Killed a two-headed ogre
 10583 | D:8      | Found a glowing silver altar of Zin.
 10956 | D:9      | Found a glowing golden altar of the Shining One.
 11478 | D:9      | Found a staircase to the Lair.
 11536 | D:9      | Found a basalt altar of Yredelemnul.
 11536 | D:9      | Found a shimmering blue altar of Sif Muna.
 11884 | D:9      | Found a sacrificial altar of Ru.
 12069 | D:10     | Entered Level 10 of the Dungeon
 12369 | D:10     | Reached XP level 11. HP: 86/86 MP: 19/19
 13363 | D:11     | Paralysed by a hornet for 3 turns
 13557 | D:11     | Noticed an ice dragon
 13570 | D:11     | Killed an ice dragon
 13570 | D:11     | Reached skill level 5 in Conjurations
 13570 | D:11     | Reached skill level 5 in Hexes
 13570 | D:11     | Reached skill level 5 in Charms
 13570 | D:11     | Reached skill level 5 in Summonings
 13570 | D:11     | Reached skill level 5 in Necromancy
 13570 | D:11     | Reached skill level 5 in Translocations
 13570 | D:11     | Reached skill level 5 in Transmutations
 13570 | D:11     | Reached skill level 5 in Fire Magic
 13570 | D:11     | Reached skill level 5 in Ice Magic
 13570 | D:11     | Reached skill level 5 in Air Magic
 13570 | D:11     | Reached skill level 5 in Earth Magic
 13570 | D:11     | Reached skill level 5 in Poison Magic
 13575 | D:11     | Reached ***** piety under Lugonu
 13892 | D:11     | Noticed a two-headed ogre
 13907 | D:11     | Killed a two-headed ogre
 14158 | D:11     | Noticed a two-headed ogre
 14160 | D:11     | Noticed a cyclops
 14170 | D:11     | Killed a two-headed ogre
 14174 | D:11     | Killed a cyclops
 14738 | D:11     | Noticed a six-headed hydra
 14743 | D:11     | Killed a six-headed hydra
 14780 | D:11     | Noticed a two-headed ogre
 14791 | D:11     | Killed a two-headed ogre
 15940 | Lair:1   | Entered Level 1 of the Lair of Beasts
 15971 | Lair:1   | Reached XP level 12. HP: 87/95 MP: 22/22
 16347 | Lair:1   | Noticed an eight-headed hydra
 16351 | Lair:1   | Killed an eight-headed hydra
 16803 | Lair:1   | HP: 4/97 [yak (12)]
 16803 | Lair:1   | HP: 1/97 [yak (3)]
 16804 | Lair:1   | Mangled by a yak

Illustrated notes

Levels and vault maps discovered:
D:1:      ncdulo_smallfort, layout_rooms
D:2:      layout_loops_cross, first_ration, minmay_quantized
D:3:      minmay_diamond_boxcup, layout_basic,
          gammafunk_temple_overflow_forgotten, chequers_ecumenical_altar_lobes,
          guppyfry_early_orc_mine
D:4:      layout_gridville, nicolae_overflow_crystal_walls,
          grunt_dithmenos_shadows, lemuel_old_faithful
D:5:      layout_loops_ring, minmay_temple_entry_gardened_gates, basic_altar,
          cheibrodos_sewer_entry_bend, uniq_pikel
D:6:      layout_gridville, trog_three_pillars_becter, uniq_blork_the_orc,
          uniq_crazy_yiuf_cottage, uniq_eustachio
D:7:      layout_basic, uniq_prince_ribbit1
D:8:      layout_cave_pools, zin_statuary, the_bakery
D:9:      layout_stronghold, nicolae_ru_path_of_blood, old_standard_altar,
          chequers_temple_overflow_statue_of_worship
D:10:     layout_basic
D:11:     minmay_inside_and_out, layout_loops_corners
D:12:     layout_cave_pools, zombieorc2_lemuel, basic_altar
Lair:1:   layout_roguey, minivault_23, columned_hall_lemuel,
          cheibrodos_lair_caveside_slide

Skill      XL: |  1  2  3  4  5  6  7  8  9 10 11 12 |
---------------+-------------------------------------+-----
Short Blades   | 1 2 3 4 5 6 7 |  7.0
Axes           | 1 2 3 4 5 6 7 |  7.0
Maces & Flails | 1 2 3 4 5 6 7 |  7.0
Polearms       | 1 2 3 4 5 6 7 |  7.0
Staves         | 1 2 3 4 5 6 7 |  7.0
Slings         | 1 2 3 4 5 6 7 |  7.0
Bows           | 1 2 3 4 5 6 7 |  7.0
Crossbows      | 1 2 3 4 5 6 7 |  7.0
Throwing       | 1 2 3 4 5 6 7 |  7.0
Stealth        | 1 2 3 4 5 6 7 |  7.0
Shields        | 1 2 3 4 5 6 7 |  7.0
Unarmed Combat | 1 2 3 4 5 6 7 |  7.0
Spellcasting   | 1 2 3 4 5 6 7 |  7.0
Evocations     | 1 2 3 4 5 6 7 |  7.0
Conjurations   | 1 2 3 4 5 |  5.8
Hexes          | 1 2 3 4 5 |  5.8
Charms         | 1 2 3 4 5 |  5.8
Summonings     | 1 2 3 4 5 |  5.8
Necromancy     | 1 2 3 4 5 |  5.8
Translocations | 1 2 3 4 5 |  5.8
Transmutations | 1 2 3 4 5 |  5.8
Fire Magic     | 1 2 3 4 5 |  5.8
Ice Magic      | 1 2 3 4 5 |  5.8
Air Magic      | 1 2 3 4 5 |  5.8
Earth Magic    | 1 2 3 4 5 |  5.8
Poison Magic   | 1 2 3 4 5 |  5.8
Dodging        | 3 4 5 6 7 |  7.5
Invocations    | 5 6 7 8 9 |  9.0
Long Blades    | 5 6 7 8 |  8.5
Armour         | 5 6 7 8 |  8.5
Fighting       | 7 8 9 |  9.6

Action                   |  1- 3 |  4- 6 |  7- 9 | 10-12 || total
-------------------------+-------+-------+-------+-------++-------
Melee: Falchion          |    64 |   153 |       |       ||   217
       Bite              |     5 |    25 |    39 |    79 ||   148
       Trident           |       |    80 |   188 |       ||   268
       Punch             |       |       |     5 |    19 ||    24
       Mace              |       |       |    85 |   591 ||   676
Throw: Boomerang         |       |       |       |     3 ||     3
Invok: Depart the Abyss  |     1 |       |       |       ||     1
Evoke: Wand              |       |       |    12 |    26 ||    38
  Use: Scroll            |     2 |    10 |     7 |     7 ||    26
       Potion            |       |     1 |     3 |     1 ||     5
 Stab: Sleeping          |       |     5 |     4 |     8 ||    17
       Distracted        |       |     1 |       |     1 ||     2
       Paralysed         |       |       |       |     2 ||     2
  Eat: Chunk             |       |    13 |     3 |    12 ||    28
       Ration            |       |       |     3 |     4 ||     7
Armor: Leather armour    |    12 |    30 |     2 |       ||    44
       Ring mail         |       |       |    57 |   291 ||   348
Dodge: Dodged            |    39 |   192 |   304 |   464 ||   999
       Rpst.: Falchion   |    14 |    37 |       |       ||    51

Table legend:
 A = Non-vault XP
 B = Vault XP
 C = Vault XP percentage of total XP
 D = Non-vault monster count
 E = Vault monster count
 F = Vault count percentage of total count
                 A         B        C        D         E       F
            +---------+---------+-------+---------+---------+-------
      Total |   17480 |    5029 |  22.3 |     250 |      49 |  16.4
            +---------+---------+-------+---------+---------+-------
        D:1 |       8 |       0 |   0.0 |       6 |       0 |   0.0
        D:2 |     114 |      23 |  16.8 |      25 |       7 |  21.9
        D:3 |     132 |      28 |  17.5 |      26 |      16 |  38.1
        D:4 |     723 |      11 |   1.5 |      24 |       1 |   4.0
        D:5 |     402 |     593 |  59.6 |      12 |       1 |   7.7
        D:6 |    1044 |     343 |  24.7 |      19 |       3 |  13.6
        D:7 |    1081 |     277 |  20.4 |      26 |       1 |   3.7
        D:8 |    2144 |     205 |   8.7 |      23 |       1 |   4.2
        D:9 |    1590 |       0 |   0.0 |      18 |       0 |   0.0
       D:10 |     929 |       0 |   0.0 |      15 |       0 |   0.0
       D:11 |    5151 |    3433 |  40.0 |      39 |      13 |  25.0
     Lair:1 |    4154 |       0 |   0.0 |      16 |       0 |   0.0
    Abyss:1 |       8 |       0 |   0.0 |       1 |       0 |   0.0
      Sewer |       0 |     116 | 100.0 |       0 |       6 | 100.0
            +---------+---------+-------+---------+---------+-------
